 Dungeon Crawl Stone Soup version 0.24-a0-25-g8489be9 (webtiles) character file.

Game seed: 6284589070280400829

2673 JeffiDaFish the Thaumaturge (level 9, -1/49 HPs)
             Began as a Deep Elf Fire Elementalist on Feb 2, 2019.
             Was a Believer of Sif Muna.
             Shot with a sling bullet by Joseph (11 damage)
             ... on level 7 of the Dungeon.
             The game lasted 00:19:16 (8253 turns).

JeffiDaFish the Thaumaturge (DEFE)                  Turns: 8253, Time: 00:19:16

Health: -1/49      AC:  5    Str:  8    XL:     9   Next: 37%
Magic:  0/24       EV: 17    Int: 23    God:    Sif Muna [**....]
Gold:   360        SH:  0    Dex: 17    Spells: 14/27 levels left

rFire    + . .     SeeInvis .   a - +3 dagger (holy)
rCold    + . .     Gourm    .   (no shield)
rNeg     . . .     Faith    .   l - +2 robe {rC+ rF+}
rPois    .         Spirit   .   (helmet restricted)
rElec    .         Reflect  .   (no cloak)
rCorr    .         Harm     .   i - +0 pair of gloves
MR       .....     Clarity  +   (no boots)
Stlth    ++........             (no amulet)
HPRegen  0.16/turn              h - ring of flight
MPRegen  0.19/turn              m - +2 ring of strength

@: no casting
A: horns 1, agile 1, blurry vision 1, clarity, robust 1
a: Stop Divine Energy, Renounce Religion, Evoke Flight


You were on level 7 of the Dungeon.
You worshipped Sif Muna.
Sif Muna was pleased with you.
You were not hungry.

You visited 2 branches of the dungeon, and saw 8 of its levels.

You collected 360 gold pieces.

Inventory:

Hand Weapons
 a - a +3 dagger of holy wrath (weapon)
 q - the +11 mace "Dohiriu" {speed, rElec rF+ rN+ Str+4}
   (You took it off a wight on level 7 of the Dungeon)

   Attacks with this weapon are significantly faster.
   It affects your strength (+4).
   It protects you from fire.
   It insulates you from electricity.
   It protects you from negative energy.
Armour
 f - a cursed +0 buckler
 i - a +0 pair of gloves (worn)
 l - a +2 robe of resistance (worn)
Jewellery
 g - an uncursed ring of resist corrosion
 h - a ring of flight (left hand)
 m - a +2 ring of strength (right hand)
Wands
 p - a wand of iceblast (7)
Scrolls
 e - 6 scrolls of teleportation
 j - 5 scrolls of remove curse
 k - 5 scrolls of identify
Potions
 d - 2 potions of brilliance
 n - a potion of mutation
Comestibles
 b - 2 chunks of flesh
 c - 11 rations


   Skills:
 + Level 6.7 Dodging
 - Level 2.4 Stealth
 * Level 9.7 Spellcasting
 + Level 5.8 Conjurations
 * Level 9.1 Fire Magic


You had 14 spell levels left.
You knew the following spells:

 Your Spells              Type           Power        Failure   Level  Hunger
a - Flame Tongue          Conj/Fire      #####        1%          1    None
b - Conjure Flame         Conj/Fire      #####...     1%          3    None
c - Sticky Flame          Conj/Fire      #####...     2%          4    ##.....
d - Fireball              Conj/Fire      #####.....   8%          5    ####...

Your spell library contained the following spells:

 Spells                   Type           Power        Failure   Level  Hunger
 Throw Flame              Conj/Fire      #####.       1%          2    None
 Inner Flame              Hex/Fire       ####....     2%          3    None


Dungeon Overview and Level Annotations

Branches:
Dungeon (7/15)             Temple (1/1) D:4

Altars:
Ashenzari
Cheibriados
Elyvilon
Gozag
Kikubaaqudgha
Okawaru
Ru
Sif Muna
Trog
Uskayaw
Wu Jian
Zin

Annotations:
D:5 2 transporters, Theophrastus's ghost, novice GrFi
D:7 Joseph


Innate Abilities, Weirdness & Mutations

You have a pair of small horns on your head.
You are agile. (Dex +2)
Scrolls take you a little longer to read.
You possess an exceptional clarity of mind.
You are robust. (+10% HP)


Message History

Joseph is lightly wounded.
Joseph is covered in liquid flames!
Joseph burns!
Joseph unwields a +0 hunting sling.
Joseph wields a +0 quarterstaff.
Joseph hits you with a +0 quarterstaff!
* * * LOW HITPOINT WARNING * * *
The sentinel's mark upon you fades away.
Joseph burns!
Joseph unwields a +0 quarterstaff.
Joseph wields a +0 hunting sling.
Joseph shoots a sling bullet.
The sling bullet misses you.
Casting: Sticky Flame (safe; 2% risk of failure)
Confirm with . or Enter, or press ? or * to list all spells.
Aiming: Fireball (safe; 8% risk of failure)
Press: ? - help, Shift-Dir - straight line, f/p - Joseph
Aim: Joseph, wielding a +0 hunting sling and wearing a +0 ring mail (lightly wounded, covered in liquid flames)
The fireball explodes!
The fireball engulfs Joseph!!
Joseph is heavily wounded.
Sif Muna grants you divine energy.
You briefly lose access to your magic!
Joseph burns!
Joseph burns!
Joseph shoots a sling bullet.
The sling bullet hits you!
You die...

#######
#########.......
#(......#.......
#(......#.......
#.......+.......
#...@.(.#.......
#######@#.......
#.......'.......
#...[.).#....?..
#.....(.#.......
#.......#.......
#.......#.......
#.......#.......
#.......#.......


You could see Joseph (burning).

Vanquished Creatures
  Harold (D:7)
  Eustachio (D:5)
  Menkaure (D:7)
  Duvessa (D:7)
  A sky beast (D:7)
  A phantom (D:5)
  A black bear (D:7)
  An ice beast (D:5)
  A centaur (D:5)
  2 bullfrogs (D:6)
  Dowan (D:7)
  5 wights (D:7)
  6 crimson imps
  A centaur zombie (D:5)
  2 jellies
  A centaur skeleton (D:4)
  An orc priest (D:5)
  A hound (D:6)
  3 orc wizards
  Jessica (D:2)
  A worker ant (D:7)
  2 hound zombies
  Robin (D:4)
  7 gnolls
  8 adders
  2 howler monkey skeletons (D:4)
  An ooze (D:2)
  2 adder skeletons
  3 worms
  A dart slug (D:2)
  4 leopard geckos
  13 orcs
  4 giant cockroaches
  14 goblins
  11 hobgoblins
  7 jackals
  6 quokkas
  6 bats
  5 frilled lizards
  4 kobolds
  A leopard gecko skeleton (D:4)
  2 quokka skeletons (D:5)
  5 rats
143 creatures vanquished.

Notes
Turn   | Place    | Note
-------+----------+-------------------------------------------
     0 | D:1      | JeffiDaFish the Deep Elf Fire Elementalist began the quest
                  | for the Orb.
     0 | D:1      | Reached XP level 1. HP: 10/10 MP: 6/6
   336 | D:1      | Reached XP level 2. HP: 15/15 MP: 6/8
   839 | D:1      | Reached XP level 3. HP: 19/19 MP: 7/9
  1650 | D:2      | Noticed Jessica
  1653 | D:2      | Killed Jessica
  1653 | D:2      | Reached XP level 4. HP: 24/24 MP: 9/11
  2214 | D:3      | Learned a level 3 spell: Conjure Flame
  2262 | D:3      | Found a faded altar of an unknown god.
  2435 | D:3      | You fall through a shaft!
  2592 | D:4      | Learned a level 4 spell: Sticky Flame
  2602 | D:4      | Gained mutation: Armour fits poorly on your strangely
                  | shaped body. [potion of mutation]
  2602 | D:4      | Gained mutation: Your mind is acute. (Int +2) [potion of
                  | mutation]
  2754 | D:3      | Reached XP level 5. HP: 28/28 MP: 11/13
  3481 | D:4      | Reached skill level 5 in Fire Magic
  3794 | D:4      | Lost mutation: Your mind is acute. (Int +2) [potion of
                  | mutation]
  3794 | D:4      | Lost mutation: Armour fits poorly on your strangely shaped
                  | body. [potion of mutation]
  3794 | D:4      | Gained mutation: You have a pair of small horns on your
                  | head. [potion of mutation]
  3794 | D:4      | Gained mutation: You are clumsy. (Dex -2) [potion of
                  | mutation]
  3794 | D:4      | Gained mutation: Your mind is acute. (Int +2) [potion of
                  | mutation]
  3807 | D:4      | Found a white marble altar of Elyvilon.
  3821 | D:4      | Noticed Robin
  4014 | D:4      | Killed Robin
  4083 | D:4      | Reached XP level 6. HP: 18/32 MP: 8/14
  4323 | D:4      | Found a staircase to the Ecumenical Temple.
  4451 | Temple   | Entered the Ecumenical Temple
  4479 | Temple   | Became a worshipper of Sif Muna the Loreminder
  4532 | D:5      | Entered Level 5 of the Dungeon
  4684 | D:5      | Learned a level 5 spell: Fireball
  4740 | D:5      | Reached skill level 5 in Spellcasting
  5070 | D:5      | Noticed Eustachio
  5278 | D:5      | Killed Eustachio
  5278 | D:5      | Reached XP level 7. HP: 30/36 MP: 7/17
  5488 | D:5      | Lost mutation: Your mind is acute. (Int +2) [potion of
                  | mutation]
  5488 | D:5      | Lost mutation: You are clumsy. (Dex -2) [potion of
                  | mutation]
  5488 | D:5      | Gained mutation: You possess an exceptional clarity of
                  | mind. [potion of mutation]
  5488 | D:5      | Gained mutation: Scrolls take you a little longer to read.
                  | [potion of mutation]
  5488 | D:5      | Gained mutation: You are robust. (+10% HP) [potion of
                  | mutation]
  5488 | D:5      | Gained mutation: You are agile. (Dex +2) [potion of
                  | mutation]
  5495 | D:5      | Found a transporter.
  5499 | D:5      | Found a transporter.
  5502 | D:5      | Noticed Theophrastus's ghost (novice GrFi)
  5708 | D:5      | Reached * piety under Sif Muna
  5970 | D:5      | Reached skill level 5 in Dodging
  6098 | D:5      | Found a glowing silver altar of Zin.
  6099 | D:5      | Found an opulent altar of Gozag.
  6587 | D:6      | Reached XP level 8. HP: 35/45 MP: 20/20
  7080 | D:6      | Found a bloodstained altar of Trog.
  7090 | D:6      | Found an ornate altar of the Wu Jian Council.
  7090 | D:6      | Found a sacrificial altar of Ru.
  7252 | D:7      | Found a shattered altar of Ashenzari.
  7329 | D:7      | Found a hide-covered altar of Uskayaw.
  7333 | D:7      | Noticed Joseph
  7333 | D:7      | Identified the +11 mace "Dohiriu" {speed, rElec rF+ rN+
                  | Str+4}
  7532 | D:7      | Reached ** piety under Sif Muna
  7563 | D:7      | Noticed Menkaure
  7571 | D:7      | Killed Menkaure
  7571 | D:7      | Reached skill level 5 in Conjurations
  7956 | D:7      | Noticed Duvessa
  7956 | D:7      | Noticed Dowan
  7964 | D:7      | Killed Duvessa
  7964 | D:7      | Killed Dowan
  8191 | D:7      | Noticed Harold
  8205 | D:7      | Killed Harold
  8205 | D:7      | Reached XP level 9. HP: 20/49 MP: 0/24
  8253 | D:7      | Shot with a sling bullet by Joseph

Vault maps used:
D:1:      shiori_arrival_maze, minmay_3d_cube
D:2:      corexii_leaking_fountain, roderic_three_in_a_row, uniq_jessica
D:3:      first_ration, chequers_ecumenical_altar_simple_redux
D:4:      elyvilon_altar_3, minmay_temple_entry_drinking_statues, uniq_robin
D:5:      grunt_temple_overflow_gold_and_silver, gammafunk_ghost_mausoleum,
          uniq_eustachio
D:6:      chequers_temple_overflow_statue_of_worship
D:7:      ashenzari_altar_1, kennysheep_mini, uniq_joseph, uniq_harold,
          uniq_duvessa, uniq_menkaure
Temple:   cyrus_temple_forest

Skill      XL: |  1  2  3  4  5  6  7  8 |
---------------+-------------------------+-----
Fire Magic     | 4 5 6 7 9 |  9.1
Dodging        | 3 4 5 6 |  6.7
Conjurations   | 2 3 4 5 |  5.8
Spellcasting   | 4 5 6 9 |  9.7
Stealth        | |  2.4

Action                   |  1- 3 |  4- 6 |  7- 9 || total
-------------------------+-------+-------+-------++-------
Melee: Unarmed           |    32 |       |       ||    32
       Dagger            |     1 |    58 |    60 ||   119
       Headbutt          |       |     4 |     9 ||    13
       Mace              |       |       |     4 ||     4
 Cast: Flame Tongue      |    68 |   103 |    82 ||   253
       Sticky Flame      |       |     4 |    17 ||    21
       Conjure Flame     |       |     4 |     4 ||     8
       Fireball          |       |       |    10 ||    10
Invok: Divine Energy     |       |       |     1 ||     1
  Use: Scroll            |     4 |     3 |     5 ||    12
       Potion            |     2 |     7 |     3 ||    12
 Stab: Sleeping          |     1 |       |     2 ||     3
  Eat: Chunk             |     2 |    10 |    11 ||    23
       Ration            |       |     1 |       ||     1
Armor: Robe              |    15 |    30 |    12 ||    57
Dodge: Dodged            |    43 |    70 |    66 ||   179

Table legend:
 A = Non-vault XP
 B = Vault XP
 C = Vault XP percentage of total XP
 D = Non-vault monster count
 E = Vault monster count
 F = Vault count percentage of total count
                 A         B        C        D         E       F
            +---------+---------+-------+---------+---------+-------
      Total |    2126 |    1693 |  44.3 |     118 |      25 |  17.5
            +---------+---------+-------+---------+---------+-------
        D:1 |      30 |      11 |  26.8 |      19 |       6 |  24.0
        D:2 |      53 |      37 |  41.1 |      16 |       1 |   5.9
        D:3 |      73 |       0 |   0.0 |      12 |       0 |   0.0
        D:4 |     172 |      37 |  17.7 |      13 |      13 |  50.0
        D:5 |     802 |     197 |  19.7 |      30 |       1 |   3.2
        D:6 |     385 |       0 |   0.0 |      11 |       0 |   0.0
        D:7 |     611 |    1411 |  69.8 |      17 |       4 |  19.0
            +---------+---------+-------+---------+---------+-------
